 Dungeon Crawl Stone Soup version 0.21-a0-634-gaf8bc5d (webtiles) character file.

29 sithsevirus the Sneak (level 3, -7/31 HPs)
             Began as a Gnoll Wanderer on Dec 29, 2017.
             Mangled by Sigmund
             ... wielding a +0 scythe
              (9 damage)
             ... on level 2 of the Dungeon.
             The game lasted 00:03:44 (953 turns).

sithsevirus the Sneak (Gnoll Wanderer)               Turns: 953, Time: 00:03:44

Health: -7/31      AC:  2    Str: 13    XL:     3   Next: 16%
Magic:  4/4        EV: 15    Int: 14    God:
Gold:   8          SH:  0    Dex: 16    Spells: 3/3 levels left

rFire    . . .     SeeInvis .   a - +2 dagger
rCold    . . .     Gourm    .   (no shield)
rNeg     . . .     Faith    .   e - +0 robe
rPois    .         Spirit   .   (no helmet)
rElec    .         Reflect  .   l - scarf {repulsion}
rCorr    .         Harm     .   (no gloves)
MR       .....                  (no boots)
Stlth    +.........             (no amulet)
HPRegen  0.10/turn              (no ring)
MPRegen  0.09/turn              (no ring)

@: confused, repel missiles
A: distributed training, fangs 1, strong nose
a: no special abilities


You were on level 2 of the Dungeon.
You were not hungry.

You visited 1 branch of the dungeon, and saw 2 of its levels.

You collected 8 gold pieces.

Inventory:

Hand Weapons
 a - a +2 dagger (weapon)
 n - a +0 hunting sling
Missiles
 j - 35 stones (quivered)
 m - 51 sling bullets
Armour
 e - a +0 robe (worn)
 l - a scarf of repulsion (worn)
Jewellery
 r - a +3 ring of intelligence {unknown}
Scrolls
 h - a scroll of amnesia {unknown}
 p - a scroll of teleportation {unknown}
 q - a scroll of enchant armour {unknown}
 s - 2 scrolls of identify {unknown}
Potions
 b - a potion of haste
 c - a potion of curing
 d - a potion of lignification
 i - a potion of ambrosia {unknown}
 k - a potion of flight {unknown}
 o - a potion of heal wounds {unknown}
 t - a potion of resistance {unknown}
Comestibles
 f - 2 rations
 g - 3 chunks of flesh


   Skills:
 + Level 4.5 Fighting
 + Level 0.6 Short Blades
 + Level 2.5 Long Blades
 + Level 0.6 Axes
 + Level 0.6 Maces & Flails
 + Level 0.6 Polearms
 + Level 0.6 Staves
 + Level 0.6 Slings
 + Level 0.6 Bows
 + Level 0.6 Crossbows
 + Level 0.6 Throwing
 + Level 0.6 Armour
 + Level 4.5 Dodging
 + Level 5.9 Stealth
 + Level 2.5 Shields
 + Level 0.6 Unarmed Combat
 + Level 0.6 Spellcasting
 + Level 0.4 Conjurations
 + Level 0.4 Hexes
 + Level 0.4 Charms
 + Level 0.4 Summonings
 + Level 0.4 Necromancy
 + Level 0.4 Translocations
 + Level 0.4 Transmutations
 + Level 0.4 Fire Magic
 + Level 0.4 Ice Magic
 + Level 0.4 Air Magic
 + Level 0.4 Earth Magic
 + Level 0.4 Poison Magic
 + Level 0.8 Invocations
 + Level 2.5 Evocations


You had 3 spell levels left.
You didn't know any spells.

Dungeon Overview and Level Annotations

Branches:
Dungeon (2/15)

Altars:

Annotations:
D:2 Sigmund


Innate Abilities, Weirdness & Mutations

Your experience applies equally to all skills.
You have very sharp teeth.
Your uncanny sense of smell can sniff out nearby items.


Message History

You feel less confused. Sigmund casts a spell at you.
You are confused.
You bump into the rock wall.
Sigmund gestures at you while chanting.
You are more confused.
Sigmund hits you from afar with a scythe!
You bump into the rock wall.
Sigmund gestures wildly while chanting.
Sigmund flickers and vanishes!
Deactivating autopickup; reactivate with Ctrl-A.
You hear some strange, mumbled words.
You are more confused.
You bump into the rock wall.
Something barely misses you.
You bump into the rock wall.
Something hits you!
* * * LOW HITPOINT WARNING * * *
You hear some strange, mumbled words.
You are more confused.
You bump into the rock wall.
Something hits you!
You die...

###.......# ..........#
#.. .##.......# #.#
.##.......# #.#
.##.......# #.#
.####...#.# #.# .#
#.#.#.######.##### .#
#.....##.........# ##
###.####.# #@# #.# #.#
#.# #.# #.# ####.# #.#
#.###.# ##.##.# #.#
#.#.#.#
###...#.####.###.....###
.......................+
###.......##.........###
#.......######.#.###
#.......#.........#


There were no monsters in sight!

Vanquished Creatures
  An adder (D:2)
  2 bats (D:1)
  A giant cockroach (D:2)
  4 goblins
  6 hobgoblins
  A ball python (D:1)
  A kobold (D:1)
  A rat (D:1)
17 creatures vanquished.

Notes
Turn   | Place    | Note
-------+----------+-------------------------------------------
     0 | D:1      | sithsevirus the Gnoll Wanderer began the quest for the Orb.
     0 | D:1      | sithsevirus set off with: a +2 dagger, a potion of haste, a potion of curing, a potion of lignification, a +0 robe, a ration
     0 | D:1      | Reached XP level 1. HP: 20/20 MP: 2/2
   306 | D:1      | Reached XP level 2. HP: 26/26 MP: 3/3
   889 | D:2      | Reached XP level 3. HP: 31/31 MP: 4/4
   928 | D:2      | Noticed Sigmund
   953 | D:2      | Mangled by Sigmund

Vault maps used:
D:1:      evilmike_arrival_grusome_pit
D:2:      first_ration, chequers_ecumenical_altar_simple,
          kennysheep_generic_room_8, uniq_sigmund

Action                   || total
-------------------------++-------
Melee: Dagger            ||    35
       Bite              ||     4
Throw: Stone             ||     3
 Stab: Sleeping          ||     7
Armor: Robe              ||     2
Dodge: Dodged            ||    13

Table legend:
 A = Spawn XP
 B = Non-spawn XP
 C = Spawn XP percentage of total XP
 D = Spawn monster count
 E = Non-spawn monster count
 F = Spawn count percentage of total count
 G = Total turns spent on level
                    A         B        C        D         E        F      G
               +---------+---------+-------+---------+---------+-------+---------
         Total |       0 |      42 |   0.0 |       0 |      17 |   0.0 |   953
               +---------+---------+-------+---------+---------+-------+---------
           D:1 |       0 |      17 |   0.0 |       0 |      10 |   0.0 |   610
           D:2 |       0 |      25 |   0.0 |       0 |       7 |   0.0 |   343
               +---------+---------+-------+---------+---------+-------+---------
